 Dungeon Crawl Stone Soup version 0.27-a0-819-g058290f16d (webtiles) character file.

Game seed: 14613190399602506383

268 polve the Slasher (level 6, -1/47 HPs)
             Began as a Demonspawn Abyssal Knight on Mar 29, 2021.
             Was a Follower of Lugonu.
             Slain by Grinder (8 damage)
             ... on level 3 of the Dungeon.
             The game lasted 00:01:48 (2972 turns).

polve the Slasher (Demonspawn Abyssal Knight)       Turns: 2972, Time: 00:01:48

Health: -1/47      AC:  5    Str: 13    XL:     6   Next: 1%
Magic:  7/7        EV: 11    Int: 15    God:    Lugonu [*.....]
Gold:   105        SH:  4    Dex: 12    Spells: 5/5 levels left

rFire    . . .     SeeInvis .   a - +1 falchion
rCold    . . .     Faith    .   (no shield)
rNeg     . . .     Spirit   .   b - +0 leather armour
rPois    .         Reflect  .   (no helmet)
rElec    .         Harm     .   g - +1 cloak
rCorr    .         Rampage  .   (no gloves)
Will     .....                  (no boots)
Stlth    +.........             (no amulet)
HPRegen  0.15/turn              (no ring)
MPRegen  0.10/turn              (no ring)

@: no status effects
A: large bone plates 1, ignite blood 1
a: Renounce Religion, Depart the Abyss


You were on level 3 of the Dungeon.
You worshipped Lugonu.
Lugonu was aware of your devotion.
You visited 1 branch of the dungeon, and saw 3 of its levels.
You visited the Abyss 1 time.

You collected 105 gold pieces.

Inventory:

Hand Weapons
 a - a +1 falchion (weapon)
Armour
 b - a +0 leather armour (worn)
 g - a +1 cloak (worn)
 h - a +0 helmet
Wands
 j - a wand of acid (9)
Scrolls
 c - a scroll of holy word {unknown}
 e - 4 scrolls of identify {unknown}
 f - a scroll of magic mapping {unknown}
 i - a scroll of fear {unknown}
 k - 2 scrolls of teleportation {unknown}
Potions
 d - a potion of curing


   Skills:
 - Level 3.0 Fighting
 + Level 5.8 Long Blades
 - Level 1.7 Armour
 - Level 0.8 Dodging
 - Level 2.4 Invocations


You had 5 spell levels left.
You didn't know any spells.
Your spell library was empty.

Dungeon Overview and Level Annotations

Branches:
Dungeon (3/15)

Altars:

Annotations:
D:3 Grinder, Jessica


Innate Abilities, Weirdness & Mutations

You are partially covered in large bone plates. (SH +4)
Your demonic aura sometimes causes spilled blood to erupt in flames


Message History

Grinder hits you! Grinder gestures at you. Pain shoots through your body!
* * * LOW HITPOINT WARNING * * *
You feel better. Grinder barely misses you.
You hit Grinder.
Grinder is lightly wounded.
Grinder hits you!
* * * LOW HITPOINT WARNING * * *
You writhe in agony.
* * * LOW HITPOINT WARNING * * *
Jessica mumbles some strange words.
Jessica seems to speed up.
Grinder gestures at you. You resist with significant effort.
You feel better.
Grinder says, "Don't move a muscle."
Grinder closely misses you.
You slash Grinder!
Grinder is moderately wounded.
Grinder blinks!
Jessica casts a spell.
Jessica blinks!
Grinder blinks!
Jessica hits you with a +0 dagger.
* * * LOW HITPOINT WARNING * * *
You barely miss Jessica. You block Jessica's attack.
You hit Jessica.
Jessica is lightly wounded.
Jessica barely misses you.
Grinder blinks!
Jessica barely misses you.
You riposte.
You hit Jessica but do no damage.
Jessica is lightly wounded.
You hit Grinder.
Grinder is moderately wounded.
You block Grinder's attack.
Jessica gestures wildly while chanting.
Jessica blinks!
You closely miss Grinder.
Grinder is moderately wounded.
Grinder hits you but does no damage. Grinder hits you!
You die...

########## .........####
.#######....#############
...............§@5@.....#
###################....§#
# ##..) #### ! ...##
##..## .##..#####
.###.....# ......##.#


You could see Grinder (fast) and Jessica (fast).

Vanquished Creatures
  Sigmund (D:2)
  A hound (D:2)
  3 adders
  A worm (D:2)
  2 dart slugs
  6 endoplasms
  A giant cockroach (D:1)
  5 goblins
  4 hobgoblins
  2 jackals (D:3)
  3 quokkas
  6 ball pythons
  6 bats
  A frilled lizard (D:3)
  2 kobolds (D:1)
  3 rats (D:1)
47 creatures vanquished.

Notes
Turn   | Place    | Note
-------+----------+-------------------------------------------
     0 | Abyss:1  | polve the Demonspawn Abyssal Knight began the quest for the
                  | Orb.
     0 | Abyss:1  | Reached XP level 1. HP: 18/18 MP: 2/2
    50 | Abyss:1  | Noticed a thrashing horror
    51 | Abyss:1  | Noticed an ancient zyme
    55 | D:1      | Escaped the Abyss
   227 | D:1      | Reached skill level 2 in Long Blades
   304 | D:1      | Reached * piety under Lugonu
   530 | D:1      | Gained mutation: Your demonic aura sometimes causes spilled
                  | blood to erupt in flames [demonic ancestry]
   530 | D:1      | Reached XP level 2. HP: 24/24 MP: 3/3
   877 | D:1      | Reached skill level 3 in Long Blades
  1221 | D:1      | Reached XP level 3. HP: 29/29 MP: 4/4
  2217 | D:2      | Noticed Sigmund
  2227 | D:2      | Killed Sigmund
  2228 | D:2      | Reached skill level 5 in Long Blades
  2228 | D:2      | Gained mutation: You are partially covered in large bone
                  | plates. (SH +4) [demonic ancestry]
  2228 | D:2      | Reached XP level 4. HP: 20/35 MP: 5/5
  2228 | D:2      | Reached XP level 5. HP: 23/41 MP: 6/6
  2891 | D:3      | Reached XP level 6. HP: 47/47 MP: 7/7
  2954 | D:3      | Noticed Jessica
  2955 | D:3      | Noticed Grinder
  2957 | D:3      | Paralysed by Grinder for 6 turns
  2965 | D:3      | HP: 2/47 [Grinder (1)]
  2972 | D:3      | Slain by Grinder

Illustrated notes

Levels and vault maps discovered:
D:1:      onia_arrival_mini_spirals, layout_basic
D:2:      layout_basic, uniq_sigmund
D:3:      layout_rooms, uniq_jessica, uniq_grinder, uniq_robin

Skill      XL: |  1  2  3 |
---------------+----------+-----
Long Blades    | 2 3 5 |  5.8
Fighting       | |  3.0
Armour         | |  1.7
Dodging        | |  0.8
Invocations    | |  2.4

Action                   |  1- 3 |  4- 6 || total
-------------------------+-------+-------++-------
Melee: Falchion          |    83 |    48 ||   131
Invok: Depart the Abyss  |     1 |       ||     1
  Use: Potion            |     2 |     2 ||     4
 Stab: Sleeping          |     1 |       ||     1
Armor: Leather armour    |    16 |    12 ||    28
Dodge: Dodged            |    47 |    23 ||    70
Block: Other             |       |    11 ||    11
       Rpst.: Falchion   |    16 |    13 ||    29

Table legend: (Time is in decaauts)
 A = Elapsed time spent in this place.
 B = Non-inter-level travel time spent in this place.
 C = Inter-level travel time spent in this place.
 D = Time resting spent in this place.
 E = Time spent auto-exploring this place.
 F = Levels seen in this place.
 G = Mean time per level.
                   A        B        C        D        E       F      G
               +--------+--------+--------+--------+--------+-----+--------+
         Total |   2984 |   2906 |     78 |      0 |   2572 |   4 |  746.0 |
       Dungeon |   2929 |   2851 |     78 |      0 |   2523 |   3 |  976.3 |
         Abyss |     55 |     55 |      0 |      0 |     49 |   1 |   55.0 |
               +--------+--------+--------+--------+--------+-----+--------+

Top non-repeatable levels by time:
     D:1: 1561 daAuts
     D:2: 1197 daAuts
     D:3: 170 daAuts
 Abyss:1: 55 daAuts
